Map: Ephemeron LE

Players

PotentialCam - Winner!

  • Race: Zerg Zerg
  • League: Diamond
  • Spawn Location: 11:00

VOD

Have the link to the VOD?

Description

Cam's ZvT

Time

  • Played on: Dec. 24, 2019, 1:44 a.m.
  • Length: 3:37
Show
View Real Time Build Order
Export as new Build Order

PotentialCam Zerg - Winner!

Build Orders: Hatch First 

Get SALT Encoding   

  12  0:04  Drone  
  12  0:13  Overlord  
  12  0:16  Drone  
  12  0:32  Drone x2  
  12  0:36  Drone  
  12  0:53  Hatchery  
  12  0:58  Drone x2  
  12  1:12  Extractor  
  12  1:14  Spawning Pool  
  12  1:17  Drone  
  12  1:20  Drone  
  12  1:30  Drone  
  12  1:45  Overlord  
  12  1:51  Drone  
  12  2:03  Zergling x2  
  12  2:05  Queen x2  
  12  2:06  Zergling x2  
  12  2:20  Drone  
  12  2:21  Drone  
  12  2:24  Drone  
  12  2:28  Overlord  
  12  2:34  Drone  
  12  2:37  Drone  
  12  2:40  Queen  
  12  2:49  Drone x2  
  12  2:56  Overlord  
  12  2:59  Drone  
  12  3:06  Drone  
  12  3:09  Drone  
  12  3:22  Drone x5  
  12  3:37  Hatchery  
Tags
 
Add a new tag
Caveats
  • Supply blocks, unpowered buildings, or Contaminate may cause inaccurate times.
  • Supply counts are checked every 10 seconds.